 Dungeon Crawl Stone Soup version 0.31-a0-1278-g11c5b68f87 (webtiles) character file.

Game seed: 18212066531240726190

4570 gohu the Severer (level 10, -10/90 HPs)
             Began as a Hill Orc Fighter on Dec 17, 2023.
             Was a Follower of Okawaru.
             Mangled by a hornet (13 damage)
             ... on level 8 of the Dungeon.
             The game lasted 00:14:31 (6958 turns).

gohu the Severer (Hill Orc Fighter)                 Turns: 6958, Time: 00:14:32

Health: -10/90     AC: 15    Str: 24    XL:     10   Next: 41%
Magic:  10/10      EV:  8    Int:  8    God:    Okawaru [*.....]
Gold:   275        SH:  5    Dex: 10    Spells: 9/9 levels left

rFire   . . .        a - +1 war axe (spect)
rCold   . . .        c - +0 buckler
rNeg    . . .        p - +0 chain mail
rPois   .            (no helmet)
rElec   .            o - +1 cloak
rCorr   .            g - +0 pair of gloves
SInv    .            m - +0 pair of boots
Will    .....        (no amulet) Stlth
                     (no ring)
HPRegen 0.35/turn    (no ring)
MPRegen 0.12/turn

%: no passive effects
@: lethally poisoned (-10 -> -38), slowed, very slow
A: no striking features
a: Renounce Religion, Heroism


You were on level 8 of the Dungeon.
You worshipped Okawaru.
Okawaru was aware of your devotion.
You visited 2 branches of the dungeon, and saw 10 of its levels.

You collected 331 gold pieces.
You spent 56 gold pieces at shops.

Inventory:

Hand Weapons
 a - a +1 spectral war axe (weapon)
Missiles
 w - a javelin (quivered)
Armour
 b - a +0 scale mail
 c - a +0 buckler (worn)
 g - a +0 pair of gloves (worn)
 m - a +0 pair of boots (worn)
 o - a +1 cloak (worn)
 p - a +0 chain mail (worn)
 y - a +0 pair of gloves
Jewellery
 l - a ring of fire
 C - a ring of fire
 H - an amulet of the acrobat
 I - a +6 ring of intelligence
Wands
 t - a wand of flame (21)
 x - a wand of mindburst (8)
 z - a wand of polymorph (5)
 E - a wand of digging (7)
 G - a wand of paralysis (16)
Scrolls
 j - 2 scrolls of teleportation
 u - a scroll of fog
 B - 2 scrolls of blinking {unknown}
 D - a scroll of identify
Potions
 d - 2 potions of brilliance
 e - 9 potions of degeneration
 f - a potion of cancellation {unknown}
 h - a potion of enlightenment
 i - 2 potions of might
 k - a potion of berserk rage {unknown}
 n - a potion of haste {unknown}
 q - a potion of mutation {unknown}
 r - 7 potions of curing {unknown}
 s - a potion of invisibility {unknown}
 v - a potion of magic {unknown}
 A - 2 potions of experience {unknown}
 F - a potion of lignification {unknown}


   Skills:
 * Level 8.8 Fighting
 * Level 15.0 Axes
 + Level 6.9 Armour
 + Level 5.2 Shields


You had 9 spell levels left.
You didn't know any spells.
Your spell library contained the following spells:

 Spells                   Type           Power      Damage    Failure   Level
 Freeze                   Ice            0%         1d3       94%         1
 Kiss of Death            Conj/Necr      0%         2d5       94%         1
 Confusing Touch          Hex            0%         N/A       100%        3
 Frozen Ramparts          Ice            0%         1d1       100%        3
 Hailstorm                Conj/Ice       0%         3d5       100%        3
 Ignite Poison            Fire/Tmut/Pois 0%         N/A       100%        3
 Dispel Undead            Necr           0%         3d6       100%        4
 Sticky Flame             Conj/Fire      0%         2d3       100%        4
 Ignition                 Fire           0%         3d3       100%        8


Dungeon Overview and Level Annotations

Branches:
Dungeon (9/15)             Temple (1/1) D:7
   Lair: D:8-11         Orc: D:9-12

Altars:
Ashenzari
Cheibriados
Dithmenos
Elyvilon
Fedhas
Gozag
Hepliaklqana
Kikubaaqudgha
Makhleb
Nemelex Xobeh
Okawaru
Qazlal
Sif Muna
Trog
Vehumet
Wu Jian
Xom
Yredelemnul
Zin
The Shining One

Shops:
D:1 *   D:4 (   D:6 [

Annotations:
D:5 1 runed translucent door, Vorhees's ghost, novice VSFi
D:8 1 runed translucent door, heinrich's ghost, novice FoHu


Message History

The hornet stings you but does no damage.
You slice the hornet!!
The hornet is almost dead.
You block the hornet's attack. The hornet barely misses you.
You miss the hornet.
The hornet is almost dead.
The hornet stings you but does no damage.
The hornet stings you!
You suddenly lose the ability to move!
The hornet stings you but does no damage.
The hornet stings you!
You are poisoned.
You shrug off the repeated paralysis!
The hornet barely misses you.
You can move again.
You are too injured to fight recklessly!
You are too injured to fight recklessly!
You are too injured to fight recklessly!
You are too injured to fight recklessly!
You are too injured to fight recklessly!
You completely miss the hornet.
The hornet is almost dead.
You feel very sick. The hornet barely misses you.
You closely miss the hornet.
The hornet is almost dead.
You feel very sick. The hornet stings you!
* * * LOW HITPOINT WARNING * * *
You are lethally poisoned!
You shrug off the repeated paralysis!
The hornet stings you but does no damage.
You barely miss the hornet.
The hornet is almost dead.
* * * LOW HITPOINT WARNING * * *
You feel very sick. The hornet stings you!
* * * LOW HITPOINT WARNING * * *
You are more poisoned.
You feel as though you will be slow longer.
The hornet stings you!
You die...

#>. #.# ### #.# #
#.# # #.# # #.# #
#.# # #y# # #@# #
#.################
#.................
##################


You could see a hornet.

Vanquished Creatures
  2 two-headed ogres
  The ghost of MrCrawl the Firebug, a novice DrFE (D:6)
  Sigmund (D:5)
  2 wyverns
  2 water moccasins
  An orc warrior (D:6)
  An ice beast (D:6)
  A black bear (D:5)
  2 sky beasts
  3 centaurs
  2 phantoms
  3 bullfrogs
  A gnoll sergeant (D:8)
  5 scorpions
  4 hounds
  3 orc priests (D:6)
  A gnoll bouda (D:6)
  2 jellies
  4 iguanas
  4 orc wizards
  Robin (D:4)
  16 gnolls
  9 adders
  2 river rats (D:6)
  A shadow imp (D:6)
  2 white imps
  2 worms (D:2)
  A dart slug (D:1)
  15 orcs
  5 endoplasms
  6 giant cockroaches
  20 goblins
  10 hobgoblins
  3 jackals (D:1)
  4 quokkas
  8 ball pythons
  5 bats
  2 frilled lizards
  10 kobolds
  13 rats
180 creatures vanquished.

Notes
Turn   | Place    | Note
-------+----------+-------------------------------------------
     0 | D:1      | gohu the Hill Orc Fighter began the quest for the Orb.
     0 | D:1      | Reached XP level 1. HP: 19/19 MP: 1/1
   117 | D:1      | Reached XP level 2. HP: 27/27 MP: 2/2
   153 | D:1      | Reached skill level 3 in Axes
   279 | D:1      | Found a faded altar of an unknown god.
   364 | D:1      | Reached XP level 3. HP: 33/33 MP: 3/3
   467 | D:1      | Found Kipleuv's General Store.
   475 | D:1      | Bought a scroll of identify for 28 gold pieces
   747 | D:1      | Bought a scroll of identify for 28 gold pieces
   806 | D:2      | Reached skill level 4 in Axes
   878 | D:2      | You fall into a shaft and drop 2 floors!
  1198 | D:2      | Reached XP level 4. HP: 27/40 MP: 4/4
  1203 | D:2      | Reached skill level 5 in Axes
  2038 | D:3      | Found a basalt altar of Yredelemnul.
  2190 | D:3      | Reached XP level 5. HP: 43/46 MP: 5/5
  2318 | D:3      | Found a blossoming altar of Fedhas.
  2549 | D:4      | Found a snail-covered altar of Cheibriados.
  2671 | D:5      | Entered Level 5 of the Dungeon
  2671 | D:5      | Noticed a water moccasin
  2689 | D:4      | Killed a water moccasin
  2690 | D:4      | Reached skill level 6 in Axes
  2690 | D:4      | Reached XP level 6. HP: 19/53 MP: 6/6
  2846 | D:4      | Found Ecrol's Firing Range.
  2896 | D:4      | Found a glowing silver altar of Zin.
  2931 | D:4      | Reached skill level 7 in Axes
  3013 | D:4      | Noticed Robin
  3021 | D:4      | Killed Robin
  3179 | D:4      | Found a glowing golden altar of the Shining One.
  3484 | D:5      | Noticed a black bear
  3721 | D:5      | Reached skill level 5 in Fighting
  3721 | D:5      | Reached XP level 7. HP: 50/61 MP: 7/7
  3735 | D:5      | Reached skill level 8 in Axes
  3891 | D:6      | Reached skill level 9 in Axes
  3972 | D:6      | Reached XP level 8. HP: 61/70 MP: 8/8
  4008 | D:6      | Found a runed translucent door.
  4009 | D:6      | Noticed MrCrawl's ghost (novice DrFE)
  4018 | D:6      | Killed MrCrawl's ghost
  4019 | D:6      | Reached skill level 10 in Axes
  4019 | D:6      | Reached skill level 5 in Armour
  4029 | D:6      | Reached skill level 11 in Axes
  4139 | D:5      | Noticed Sigmund
  4147 | D:5      | Killed Sigmund
  4370 | D:5      | Reached XP level 9. HP: 77/79 MP: 9/9
  4436 | D:5      | Reached skill level 12 in Axes
  4484 | D:5      | Found a runed translucent door.
  4582 | D:5      | Noticed Vorhees's ghost (novice VSFi)
  4593 | D:5      | Identified the +6 spear of Olooses {venom, rPois rF+ rN+
                  | Str+3}
  4855 | D:6      | Noticed a two-headed ogre
  4871 | D:5      | Killed a two-headed ogre
  4872 | D:5      | Reached skill level 13 in Axes
  5062 | D:6      | Found Deqein's Armour Boutique.
  5382 | D:7      | Identified the +0 chain mail of Axzetikky {Fly rF- rN+++}
  5391 | D:7      | Found an ornate altar of the Wu Jian Council.
  5486 | D:7      | Found a staircase to the Ecumenical Temple.
  5492 | Temple   | Entered the Ecumenical Temple
  5515 | Temple   | Became a worshipper of Warmaster Okawaru
  5912 | D:7      | Reached skill level 14 in Axes
  5912 | D:7      | Reached XP level 10. HP: 88/88 MP: 10/10
  5996 | D:7      | Found a bloodstained altar of Trog.
  6341 | D:7      | Reached skill level 5 in Shields
  6623 | D:8      | Found a runed translucent door.
  6625 | D:8      | Noticed heinrich's ghost (novice FoHu)
  6686 | D:9      | Noticed a two-headed ogre
  6690 | D:9      | Killed a two-headed ogre
  6690 | D:9      | Reached * piety under Okawaru
  6816 | D:8      | Reached skill level 15 in Axes
  6953 | D:8      | Paralysed by a hornet for 3 turns
  6958 | D:8      | HP: 3/90 [hornet (11)]
  6958 | D:8      | Mangled by a hornet

Illustrated notes

Levels and vault maps discovered:
D:1:      evilmike_arrival_plus, layout_loops_ring,
          hellmonk_ecumenical_altar_inner_sanctum, serial_shops,
          nicolae_shop_just_a_little_nook, minmay_octomino_c4
D:2:      layout_loops_ring
D:3:      layout_rooms, yredelemnul_altar_generic, fedhas_altar_fruit_tree,
          corexii_corridor_pit
D:4:      layout_basic, cheibriados_altar_1, lemuel_round_altar,
          mainiacjoe_overflow_alcove_4, nicolae_shop_firing_range, uniq_robin
D:5:      layout_basic, ebering_ghost_reflecting_pool,
          hangedman_minor_gate_pass, uniq_sigmund
D:6:      layout_basic, portal_sewer_entry_a, serial_glass, glass_columns_a,
          glass_columns_c, serial_shops, nicolae_shop_stone,
          ebering_ghost_sewer_d, nicolae_figureground_sparkle
D:7:      layout_basic, mainiacjoe_overflow_alcove_2, trog_hazing_becter,
          minmay_temple_entry_hall, chequers_serial_rivers_micro_c
D:8:      layout_basic, ebering_ghost_reflecting_pool,
          chequers_serial_rivers_room_a
D:9:      layout_basic, mainiacjoe_overflow_six_doors_small, lair_entry_dummy
Temple:   nicolae_temple_figure_eight

Skill      XL: |  1  2  3  4  5  6  7  8  9 10 |
---------------+-------------------------------+-----
Axes           | 3 4 5 6 7 9 11 14 15 | 15.0
Fighting       | 4 5 7 8 |  8.8
Armour         | 4 5 6 |  6.9
Shields        | 4 5 |  5.2

Action                     |  1- 3 |  4- 6 |  7- 9 | 10-12 || total
---------------------------+-------+-------+-------+-------++-------
  Melee: War axe           |   134 |   149 |   168 |    77 ||   528
  Throw: Javelin           |       |     1 |       |       ||     1
  Evoke: Wand              |       |     1 |     3 |       ||     4
    Use: Scroll            |     2 |     1 |     8 |       ||    11
         Potion            |     1 |       |       |       ||     1
   Stab: Paralysed         |       |       |     2 |       ||     2
         Distracted        |       |       |     1 |       ||     1
 Armour: Scale mail        |    64 |       |       |       ||    64
         Chain mail        |    25 |   173 |   111 |    59 ||   368
  Dodge: Dodged            |    56 |    73 |    51 |    25 ||   205
  Block: Buckler           |    28 |    31 |    34 |    19 ||   112

Table legend: (Time is in decaauts)
 A = Elapsed time spent in this place.
 B = Non-inter-level travel time spent in this place.
 C = Inter-level travel time spent in this place.
 D = Time resting spent in this place.
 E = Time spent auto-exploring this place.
 F = Levels seen in this place.
 G = Mean time per level.
                   A        B        C        D        E       F      G
               +--------+--------+--------+--------+--------+-----+--------+
         Total |   7038 |   6742 |    296 |      0 |   5158 |  10 |  703.8 |
       Dungeon |   6993 |   6697 |    296 |      0 |   5158 |   9 |  777.0 |
        Temple |     45 |     45 |      0 |      0 |      0 |   1 |   45.0 |
               +--------+--------+--------+--------+--------+-----+--------+

Top non-repeatable levels by time:
     D:4: 1315 daAuts
     D:7: 1061 daAuts
     D:2: 984 daAuts
     D:5: 966 daAuts
     D:1: 785 daAuts
     D:6: 779 daAuts
     D:3: 616 daAuts
     D:8: 475 daAuts
  Temple: 45 daAuts
     D:9: 7 daAuts
